 Dungeon Crawl Stone Soup version 0.22-a0-409-gb855193 (webtiles) character file.

117 theanonym the Cudgeler (level 4, -1/35 HPs)
             Began as a Mummy Warper on May 10, 2018.
             Slain by a gnoll
             ... wielding a +0 flail
              (8 damage)
             ... on level 2 of the Dungeon.
             The game lasted 00:03:59 (2783 turns).

theanonym the Cudgeler (Mummy Warper)               Turns: 2783, Time: 00:03:59

Health: -1/35      AC:  8    Str: 15    XL:     4   Next: 71%
Magic:  8/8        EV:  6    Int: 12    God:
Gold:   96         SH:  3    Dex: 11    Spells: 8/8 levels left

rFire    x . .     SeeInvis .   a - +0 mace
rCold    + . .     Gourm    .   d - +0 buckler (curse)
rNeg     + + +     Faith    .   k - +0 chain mail
rPois    ∞         Spirit   .   (no helmet)
rElec    .         Reflect  .   (no cloak)
rCorr    .         Harm     .   (no gloves)
MR       .....                  (no boots)
Stlth    ..........             b - amulet of the acrobat
HPRegen  0.11/turn              (no ring)
MPRegen  0.11/turn              (no ring)

@: no status effects
A: no food or potions, fire vulnerability, cold resistance 1, negative energy
resistance 3, torment resistance, unbreathing
a: no special abilities


Innate Abilities, Weirdness & Mutations

You do not eat or drink.
Your flesh is vulnerable to fire.
You are immune to poison.
Your flesh is cold resistant. (rC+)
You are immune to negative energy. (rN+++)
You are immune to unholy pain and torment.
You can survive without breathing.


   Skills:
 + Level 3.1 Fighting
 * Level 3.4 Maces & Flails
 - Level 0.7 Throwing
 - Level 0.7 Armour
 - Level 1.5 Dodging
 + Level 0.6 Shields
 - Level 2.6 Spellcasting
   Level 2.4 Translocations


You had 8 spell levels left.
You didn't know any spells.

Skill      XL: |  1  2  3  4 |
---------------+-------------+-----
Maces & Flails | 2 3 |  3.4
Fighting       | 3 |  3.1
Throwing       | |  0.7
Armour         | |  0.7
Dodging        | |  1.5
Shields        | |  0.6
Spellcasting   | |  2.6
Translocations | |  2.4

Action                   |  1- 3 |  4- 6 || total
-------------------------+-------+-------++-------
Melee: Mace              |   144 |    59 ||   203
  Use: Scroll            |       |     3 ||     3
Armor: Leather armour    |     2 |       ||     2
       Chain mail        |    69 |    35 ||   104
Dodge: Dodged            |    85 |    31 ||   116
Block: Buckler           |       |     9 ||     9

Inventory:

Hand Weapons
 a - a +0 mace (weapon)
 h - a +0 whip of holy wrath
   (You found it on level 1 of the Dungeon)
Missiles
 e - 5 tomahawks of dispersal (quivered)
Armour
 d - a cursed +0 buckler (worn)
   (You found it on level 2 of the Dungeon)
 k - a +0 chain mail (worn)
   (You found it on level 1 of the Dungeon)
Jewellery
 b - an amulet of the acrobat (around neck)
   (You found it on level 2 of the Dungeon)
Scrolls
 f - a scroll of fog
 g - 2 scrolls of magic mapping {unknown}
 j - a scroll of remove curse {unknown}
 t - 2 scrolls of teleportation {!r}
 B - a scroll of blinking


You were on level 2 of the Dungeon.
You were not hungry.

You visited 1 branch of the dungeon, and saw 3 of its levels.

You collected 96 gold pieces.

Dungeon Overview and Level Annotations

Branches:
Dungeon (3/15)

Altars:

# # #########
######........
####.............
#.....####.#####. #.....#
#.# #..
#######.....####.####..
#.)..g@.....+..........
####'#####.....####.####.#
#.......##.....# #.# #..
#......)#####+## #.# #..
#...÷...#####.#####.####..
####>.....................
#.########.###....###..
#.# #.# #.........
#.########.###....###..


You could see a gnoll.

Notes
Turn   | Place    | Note
-------+----------+-------------------------------------------
     0 | D:1      | theanonym the Mummy Warper began the quest for the Orb.
     0 | D:1      | Reached XP level 1. HP: 16/16 MP: 4/4
   407 | D:1      | Reached skill level 2 in Maces & Flails
   423 | D:1      | HP: 8/16 [bat (1)]
   634 | D:1      | Reached XP level 2. HP: 15/22 MP: 5/5
  1669 | D:2      | Reached XP level 3. HP: 25/28 MP: 7/7
  2105 | D:2      | Reached skill level 3 in Maces & Flails
  2226 | D:2      | Reached XP level 4. HP: 32/34 MP: 8/8
  2472 | D:2      | HP: 15/34 [adder (4)]
  2473 | D:2      | Reached skill level 3 in Fighting
  2775 | D:2      | HP: 12/35 [gnoll/flail (8)]
  2783 | D:2      | Slain by a gnoll

Vanquished Creatures
  A centaur skeleton (D:3)
  3 adders (D:2)
  2 worms (D:2)
  A dart slug (D:1)
  3 leopard geckos
  3 giant cockroaches (D:2)
  2 goblins (D:1)
  5 hobgoblins
  A jackal (D:2)
  2 quokkas (D:2)
  2 ball pythons (D:1)
  6 bats
  2 frilled lizards
  7 kobolds
  13 rats
53 creatures vanquished.

Table legend:
 A = Turns spent in this place as a percentage of turns spent in the entire game.
 B = Non-inter-level travel turns spent in this place as a percentage of non-inter-level travel turns spent in the entire game.
 C = Inter-level travel turns spent in this place as a percentage of turns spent in this place.
 D = Turns resting spent in this place as a percentage of non-inter-level travel turns spent in this place.
 E = Turns spent auto-exploring this place as a percentage of non-inter-level travel turns spent in this place.
 F = Non-inter-level travel turns spent in this place divided by the number of levels of this place that you've seen.
                   A       B       C       D       E      F
               +-------+-------+-------+-------+-------+----------------------
         Total | 100.0 | 100.0 |   3.6 |  45.7 |  37.5 | 894.7
       Dungeon | 100.0 | 100.0 |   3.6 |  45.7 |  37.5 | 894.7
               +-------+-------+-------+-------+-------+----------------------
